 Dungeon Crawl Stone Soup version 0.31-a0-1074-g0b22e4e0f1 (webtiles) character file.

Game seed: 7345402645268592638

28 grandjackal the Chopper (level 2, -2/23 HPs)
             Began as a Demonspawn Gladiator on Nov 30, 2023.
             Slain by an adder (3 damage)
             ... on level 2 of the Dungeon.
             The game lasted 00:00:51 (803 turns).

grandjackal the Chopper (Demonspawn Gladiator)       Turns: 803, Time: 00:00:52

Health: -2/23      AC:  4    Str: 14    XL:     2   Next: 96%
Magic:  2/2        EV: 12    Int:  9    God:
Gold:   34         SH:  0    Dex: 14    Spells: 1/1 levels left

rFire   + . .        a - +0 war axe
rCold   . . .        (no shield)
rNeg    . . .        b - +0 leather armour
rPois   .            c - +0 helmet
rElec   .            (no cloak)
rCorr   .            (no gloves)
SInv    .            (no boots)
Will    .....        (no amulet)
Stlth   +            j - ring of protection from fire
HPRegen 0.23/turn    (no ring)
MPRegen 0.08/turn

%: no passive effects
@: no status effects
A: demonic magic 1
a: no special abilities


You were on level 2 of the Dungeon.
You visited 1 branch of the dungeon, and saw 2 of its levels.

You collected 34 gold pieces.

Inventory:

Hand Weapons
 a - a +0 war axe (weapon)
Missiles
 d - 3 throwing nets (quivered)
 e - a javelin
Armour
 b - a +0 leather armour (worn)
 c - a +0 helmet (worn)
Jewellery
 j - a ring of protection from fire (left hand)
Scrolls
 f - a scroll of teleportation {unknown}
 h - a scroll of amnesia {unknown}
 i - a scroll of noise {unknown}
 k - a scroll of identify {unknown}
Potions
 g - 2 potions of haste {unknown}
 l - a potion of curing {unknown}
 m - a potion of resistance {unknown}


   Skills:
 + Level 2.5 Fighting
 + Level 3.0 Axes
 - Level 2.0 Throwing
 + Level 0.2 Armour
 - Level 3.0 Dodging


You had one spell level left.
You didn't know any spells.
Your spell library was empty.

Dungeon Overview and Level Annotations

Branches:
Dungeon (2/15)

Altars:

Annotations:
D:2 Terence


Innate Abilities, Weirdness & Mutations

Spells you cast may paralyse adjacent enemies.


Message History

The ball python barely misses you. The ball python misses you.
You hit the ball python. Your punch misses the ball python.
The ball python is moderately wounded.
The ball python bites you. The ball python barely misses you.
The ball python closely misses you. The ball python barely misses you.
You slash the ball python!
You kill the ball python!
No target in view!
m - a fuming golden potion Terence the Incautious comes into view.
He is wielding a +3 short sword.
Found a robe.
Terence shouts!
You hear an angry hiss.
An adder comes into view.
You barely miss Terence.
The adder hisses angrily.
Terence hits you with a +3 short sword!
You barely miss Terence. Terence barely misses you.
The adder barely misses you.
You slash the adder!
The adder is heavily wounded.
You hit Terence but do no damage. Terence hits you with a +3 short sword.
The adder closely misses you. Terence hits you with a +3 short sword.
You are too injured to fight recklessly!
You hit the adder.
The adder is severely wounded.
You hit Terence but do no damage. The adder misses you.
The adder barely misses you. Terence hits you with a +3 short sword.
Unknown command.
You hit the adder but do no damage.
The adder is severely wounded.
You closely miss Terence. The adder bites you.
* * * LOW HITPOINT WARNING * * *
Terence hits you with a +3 short sword.
* * * LOW HITPOINT WARNING * * *
The adder misses you.
You miss the adder.
The adder is severely wounded.
You hit Terence but do no damage. Terence closely misses you.
The adder bites you.
You die...

............#
............##..#
#...............#
..........#.#...#
#.#.............#
...[............#
......S..........
......@@.......##
....###+#........ .
#............ .
#.........##. ..
#............
...#.###.....#..
..... #......#..#....
. .....
#.####.#..#.... #
##....#.####.#..#.#.#
#


You could see Terence and an adder.

Vanquished Creatures
  2 dart slugs (D:1)
  An endoplasm (D:1)
  A giant cockroach (D:1)
  2 goblins (D:1)
  4 hobgoblins
  3 quokkas (D:1)
  4 ball pythons
  2 bats (D:1)
  2 kobolds (D:1)
  A rat (D:1)
22 creatures vanquished.

Notes
Turn   | Place    | Note
-------+----------+-------------------------------------------
     0 | D:1      | grandjackal the Demonspawn Gladiator began the quest for
                  | the Orb.
     0 | D:1      | Reached XP level 1. HP: 16/16 MP: 1/1
   185 | D:1      | Gained mutation: Spells you cast may paralyse adjacent
                  | enemies. [demonic ancestry]
   185 | D:1      | Reached XP level 2. HP: 21/22 MP: 2/2
   795 | D:2      | Noticed Terence
   802 | D:2      | HP: 1/23 [Terence/+3 short sword (5)]
   803 | D:2      | Slain by an adder

Illustrated notes

Levels and vault maps discovered:
D:1:      wander_arrival_lonely_grave, layout_basic,
          hangedman_abyss_or_decor_stabs
D:2:      layout_basic, dilly_ecumenical_altar_fadedgnrine, serial_shops, shop,
          nrook_mini_vaults, kennysheep_pointless_box, st_stairs_1,
          uniq_terence, uniq_sigmund

Skill      XL: |  1  2 |
---------------+-------+-----
Throwing       | 2 |  2.0
Axes           | 3 |  3.0
Dodging        | 3 |  3.0
Fighting       | |  2.5
Armour         | |  0.2

Action                     || total
---------------------------++-------
  Melee: War axe           ||    63
         Punch             ||     1
 Armour: Leather armour    ||    42
  Dodge: Dodged            ||    48

Table legend: (Time is in decaauts)
 A = Elapsed time spent in this place.
 B = Non-inter-level travel time spent in this place.
 C = Inter-level travel time spent in this place.
 D = Time resting spent in this place.
 E = Time spent auto-exploring this place.
 F = Levels seen in this place.
 G = Mean time per level.
                   A        B        C        D        E       F      G
               +--------+--------+--------+--------+--------+-----+--------+
         Total |    824 |    797 |     27 |     37 |    610 |   2 |  412.0 |
       Dungeon |    824 |    797 |     27 |     37 |    610 |   2 |  412.0 |
               +--------+--------+--------+--------+--------+-----+--------+

Top non-repeatable levels by time:
     D:1: 698 daAuts
     D:2: 125 daAuts
